 Dungeon Crawl Stone Soup version 0.23-a0-681-g26ad783 (webtiles) character file.

68 kidcy the Charmwright (level 4, 0/38 HPs)
             Began as a Gnoll Skald on Jan 10, 2019.
             Slain by an ice beast (2 damage)
             ... on level 2 of the Dungeon.
             The game lasted 00:06:03 (2046 turns).

kidcy the Charmwright (Gnoll Skald)                 Turns: 2046, Time: 00:06:04

Health: 0/38       AC:  6    Str: 11 (14) XL:     4   Next: 19%
Magic:  10/11      EV: 13    Int: 15 (16) God:
Gold:   100        SH:  0    Dex: 13 (14) Spells: 10/13 levels left

rFire    + . .     SeeInvis .   a - +0 spear
rCold    + + .     Gourm    .   (no shield)
rNeg     . . .     Faith    .   c - +2 leather armour {rC+}
rPois    +         Spirit   .   (no helmet)
rElec    +         Reflect  .   (no cloak)
rCorr    +         Harm     .   k - +0 pair of gloves (curse)
MR       .....                  (no boots)
Stlth    +.........             (no amulet)
HPRegen  0.12/turn              (no ring)
MPRegen  0.12/turn              (no ring)

@: resistant, flying, hasted, very quick
A: distributed training, fangs 1, strong nose
a: no special abilities


You were on level 2 of the Dungeon.
You were not hungry.

You visited 1 branch of the dungeon, and saw 2 of its levels.

You collected 100 gold pieces.

Inventory:

Hand Weapons
 a - a +0 spear (weapon)
Armour
 c - a +2 leather armour of cold resistance (worn)
 k - a cursed +0 pair of gloves (worn)
 l - a +0 scale mail
Jewellery
 m - a +1 ring of protection {unknown}
Scrolls
 g - 3 scrolls of remove curse {unknown}
 h - a scroll of identify {unknown}
 j - 2 scrolls of teleportation {unknown}
 n - a scroll of enchant armour {unknown}
Comestibles
 d - 2 rations


   Skills:
 + Level 4.6 Fighting
 + Level 1.0 Short Blades
 + Level 1.0 Long Blades
 + Level 1.0 Axes
 + Level 1.0 Maces & Flails
 + Level 4.6 Polearms
 + Level 1.0 Staves
 + Level 1.0 Slings
 + Level 1.0 Bows
 + Level 1.0 Crossbows
 + Level 1.0 Throwing
 + Level 2.7 Armour
 + Level 4.6 Dodging
 + Level 1.0 Stealth
 + Level 1.0 Shields
 + Level 1.0 Unarmed Combat
 + Level 5.0 Spellcasting
 + Level 0.8 Conjurations
 + Level 0.8 Hexes
 + Level 5.4 Charms
 + Level 0.8 Summonings
 + Level 0.8 Necromancy
 + Level 0.8 Translocations
 + Level 0.8 Transmutations
 + Level 0.8 Fire Magic
 + Level 0.8 Ice Magic
 + Level 0.8 Air Magic
 + Level 0.8 Earth Magic
 + Level 0.8 Poison Magic
 + Level 1.1 Invocations
 + Level 1.0 Evocations


You had 10 spell levels left.
You knew the following spells:

 Your Spells              Type           Power        Failure   Level  Hunger
a - Infusion              Chrm           ###.         2%          1    None
b - Shroud of Golubria    Chrm/Tloc      ##........   9%          2    ##.....

Your spell library contained the following spells:

 Spells                   Type           Power        Failure   Level  Hunger
 Song of Slaying          Chrm           ###.....     3%          2    ##.....
 Regeneration             Chrm/Necr      ##........   17%         3    ###....
 Spectral Weapon          Hex/Chrm       ##......     17%         3    ###....


Dungeon Overview and Level Annotations

Branches:
Dungeon (2/15)

Altars:


Innate Abilities, Weirdness & Mutations

Your experience applies equally to all skills.
You have very sharp teeth.
Your uncanny sense of smell can sniff out nearby items.


Message History

The adder bites you.
* * * LOW HITPOINT WARNING * * *
You miss the adder.
The adder is lightly wounded.
The ice beast hits you but does no damage.
The adder barely misses you.
You miss the adder.
The adder is lightly wounded.
You hit the adder but do no damage.
The adder is lightly wounded.
The adder bites you but does no damage. The ice beast hits you.
* * * LOW HITPOINT WARNING * * *
The ice beast freezes you. You resist.
* * * LOW HITPOINT WARNING * * *
You hit the adder.
The adder is moderately wounded.
The adder misses you. The ice beast hits you.
* * * LOW HITPOINT WARNING * * *
The ice beast freezes you. You resist.
You die...

#.#.........# #.......# #.
#.#.#######.# #.......# #. #.#.#
#.####..††...# #. #.#.#
##....#.......# #. #.#.#
#.....#..###..... ..
#.#.######....(#..######## ##
####.#..........###)........
...#.#######.#.####.#############
.#.#.# #..sY@S...............
.#.#.# #.#.#############.#...
.#.#.#######.#.### #......(
.#...............# #.......
.###[#######.#...#########.......
.###.# #.#...##.....########†
.....#######>....................
.............#...##.....########.
.###########.#...##.......# #.


You could see an ice beast, an adder and a giant cockroach.

Vanquished Creatures
  4 gnolls (D:2)
  An ooze (D:1)
  2 leopard geckos (D:1)
  A bat (D:1)
  A giant cockroach (D:2)
  6 hobgoblins
  A jackal (D:2)
  A frilled lizard (D:1)
  2 goblins
  5 kobolds
  3 rats
27 creatures vanquished.

Notes
Turn   | Place    | Note
-------+----------+-------------------------------------------
     0 | D:1      | kidcy the Gnoll Skald began the quest for the Orb.
     0 | D:1      | Reached XP level 1. HP: 20/20 MP: 6/6
   209 | D:1      | You fall through a shaft!
   210 | D:2      | Noticed an ice beast
   327 | D:1      | Reached XP level 2. HP: 21/26 MP: 0/7
  1042 | D:1      | Learned a level 2 spell: Shroud of Golubria
  1134 | D:2      | Reached skill level 5 in Spellcasting
  1134 | D:2      | Reached XP level 3. HP: 31/31 MP: 1/9
  1140 | D:2      | Reached skill level 1 in Invocations
  1239 | D:2      | HP: 1/31 [gnoll/+0 spear (6)]
  1657 | D:2      | Reached skill level 1 in Short Blades
  1657 | D:2      | Reached skill level 1 in Long Blades
  1657 | D:2      | Reached skill level 1 in Axes
  1657 | D:2      | Reached skill level 1 in Maces & Flails
  1657 | D:2      | Reached skill level 1 in Staves
  1657 | D:2      | Reached skill level 1 in Slings
  1657 | D:2      | Reached skill level 1 in Bows
  1657 | D:2      | Reached skill level 1 in Crossbows
  1657 | D:2      | Reached skill level 1 in Throwing
  1657 | D:2      | Reached skill level 1 in Stealth
  1657 | D:2      | Reached skill level 1 in Shields
  1657 | D:2      | Reached skill level 1 in Unarmed Combat
  1657 | D:2      | Reached skill level 1 in Evocations
  1657 | D:2      | Reached XP level 4. HP: 9/38 MP: 11/11
  2046 | D:2      | Slain by an ice beast

Vault maps used:
D:1:      nagdon_arrival_double_spiral
D:2:      first_ration, minmay_domino_4

Skill      XL: |  1  2  3 |
---------------+----------+-----
Spellcasting   | 5 |  5.0
Invocations    | 1 |  1.1
Short Blades   | 1 |  1.0
Long Blades    | 1 |  1.0
Axes           | 1 |  1.0
Maces & Flails | 1 |  1.0
Staves         | 1 |  1.0
Slings         | 1 |  1.0
Bows           | 1 |  1.0
Crossbows      | 1 |  1.0
Throwing       | 1 |  1.0
Stealth        | 1 |  1.0
Shields        | 1 |  1.0
Unarmed Combat | 1 |  1.0
Evocations     | 1 |  1.0
Fighting       | |  4.6
Polearms       | |  4.6
Armour         | |  2.7
Dodging        | |  4.6
Conjurations   | |  0.8
Hexes          | |  0.8
Charms         | |  5.4
Summonings     | |  0.8
Necromancy     | |  0.8
Translocations | |  0.8
Transmutations | |  0.8
Fire Magic     | |  0.8
Ice Magic      | |  0.8
Air Magic      | |  0.8
Earth Magic    | |  0.8
Poison Magic   | |  0.8

Action                   |  1- 3 |  4- 6 || total
-------------------------+-------+-------++-------
Melee: Spear             |   120 |    39 ||   159
       Bite              |     6 |     5 ||    11
 Cast: Infusion          |     6 |     1 ||     7
       Shroud of Golubri |     2 |       ||     2
  Use: Potion            |     1 |     4 ||     5
 Stab: Sleeping          |       |     1 ||     1
  Eat: Ration            |     1 |       ||     1
Armor: Leather armour    |    21 |    10 ||    31
Dodge: Dodged            |    73 |    22 ||    95

Table legend:
 A = Non-vault XP
 B = Vault XP
 C = Vault XP percentage of total XP
 D = Non-vault monster count
 E = Vault monster count
 F = Vault count percentage of total count
                 A         B        C        D         E       F
            +---------+---------+-------+---------+---------+-------
      Total |      95 |       3 |   3.1 |      25 |       2 |   7.4
            +---------+---------+-------+---------+---------+-------
        D:1 |      32 |       1 |   3.0 |      15 |       1 |   6.2
        D:2 |      63 |       2 |   3.1 |      10 |       1 |   9.1
            +---------+---------+-------+---------+---------+-------
